 Dungeon Crawl Stone Soup version 0.27-a0-1334-g2746e35aca (webtiles) character file.

Game seed: 276514665845347145

2 dickylongcocking the Magician (level 1, 0/15 HPs)
             Began as a Djinni Hedge Wizard on June 27, 2021.
             Slain by a jackal (1 damage)
             ... on level 1 of the Dungeon.
             The game lasted 00:00:14 (78 turns).

dickylongcocking the Magician (Djinni Hedge Wizard)   Turns: 78, Time: 00:00:14

Health: 0/15       AC:  3    Str:  9    XL:     1   Next: 33%
Gold:   0          EV: 11    Int: 15    God:
                   SH:  0    Dex: 12

rFire    + + .     SeeInvis .   f - +0 mace
rCold    x . .     Faith    .   (no shield)
rNeg     . . .     Spirit   .   d - +0 leather armour
rPois    ∞         Reflect  .   c - +0 hat
rElec    .         Harm     .   (no cloak)
rCorr    .         Rampage  .   (no gloves)
Will     .....                  (boots unavailable)
Stlth    +.........             (no amulet)
HPRegen  0.05/turn              (no ring)
MPRegen  0.00/turn              (no ring)

@: flying, very slightly contaminated
A: sickness immunity, fire resistance 2, cold vulnerability 1, float, innate
caster, hp casting, extra vitality 1
a: no special abilities


You were on level 1 of the Dungeon.
You visited 1 branch of the dungeon, and saw 1 of its levels.

Inventory:

Hand Weapons
 a - a +0 dagger
 f - a +0 mace (weapon)
Armour
 b - a +0 robe
 c - a +0 hat (worn)
 d - a +0 leather armour (worn)
Scrolls
 e - a scroll of enchant armour {unknown}


   Skills:
 + Level 2.2 Dodging
 + Level 1.5 Stealth
 + Level 2.5 Spellcasting


You couldn't memorise any spells.
You knew the following spells:

 Your Spells              Type           Power      Damage    Failure   Level
a - Magic Dart            Conj           36%        1d4       11%         1
b - Blink                 Tloc           N/A        N/A       16%         2
c - Call Imp              Summ           9%         N/A       16%         2
d - Slow                  Hex            9%         N/A       16%         2
e - Conjure Flame         Conj/Fire      9%         6-21      32%         3
f - Mephitic Cloud        Conj/Pois/Air  9%         N/A       32%         3
Your spell library was empty.

Dungeon Overview and Level Annotations

Branches:
Dungeon (1/15)

Altars:


Innate Abilities, Weirdness & Mutations

You are immune to sickness and miasma.
You are immune to poison.
Your flesh is very heat resistant. (rF++)
You are vulnerable to cold. (rC-)
You float through the air rather than walking.
You learn spells naturally, not from books.
Your magical power is your life essence.
You have superior vitality. (+4 HP)


Message History

Casting: Magic Dart (safe; 11% risk of failure)
Confirm with . or Enter, or press ? or * to list all spells.
Okay, then.
Casting: Magic Dart (safe; 11% risk of failure)
Confirm with . or Enter, or press ? or * to list all spells.
Aiming: Magic Dart (safe; 11% risk of failure)
Press: ? - help, Shift-Dir - straight line, f/p - jackal
Aim: a jackal (lightly wounded, 100% to hit)
The magic dart hits the jackal.
The jackal is heavily wounded.
* * * LOW HITPOINT WARNING * * *
The jackal bites you but does no damage. x2
Unknown command.
Casting: Magic Dart (safe; 11% risk of failure)
Confirm with . or Enter, or press ? or * to list all spells.
Aiming: Magic Dart (safe; 11% risk of failure)
Press: ? - help, Shift-Dir - straight line, f/p - jackal
Aim: a jackal (heavily wounded, 100% to hit)
You miscast Magic Dart.
Nothing appears to happen.
* * * LOW HITPOINT WARNING * * *
The jackal barely misses you. The jackal closely misses you. x2
Unknown command.
Unknown command.
Casting: Magic Dart (safe; 11% risk of failure)
Confirm with . or Enter, or press ? or * to list all spells.
Aiming: Magic Dart (safe; 11% risk of failure)
Press: ? - help, Shift-Dir - straight line, f/p - jackal
Aim: a jackal (heavily wounded, 100% to hit)
The magic dart hits the jackal.
The jackal is severely wounded.
* * * LOW HITPOINT WARNING * * *
The jackal closely misses you.
The jackal bites you but does no damage.
The jackal barely misses you. The jackal closely misses you.
The jackal misses you. The jackal closely misses you.
Unknown command.
You closely miss the jackal.
The jackal is severely wounded.
The jackal barely misses you. The jackal bites you.
You die...

###### #....#
#########....+
#.......hh.†.#
#.......@h#.#.....
#.........#!# #... #
+.............. ..
#.####..............
#...[..########......
###..............######
#................#
....####.............
......................


You could see 3 jackals.

Vanquished Creatures
  A jackal (D:1)
  A bat (D:1)
2 creatures vanquished.

Notes
Turn   | Place    | Note
-------+----------+-------------------------------------------
     0 | D:1      | dickylongcocking the Djinni Hedge Wizard began the quest
                  | for the Orb.
     0 | D:1      | Reached XP level 1. HP: 15/15 MP: 0/0
    78 | D:1      | Slain by a jackal

Illustrated notes

Levels and vault maps discovered:
D:1:      beargit_arrival_diablo_church, layout_basic, serial_shops,
          nicolae_shop_behind_doors, chequers_serial_rivers_room_b

Action                   || total
-------------------------++-------
Melee: Mace              ||     1
 Cast: Magic Dart        ||    11
Armor: Leather armour    ||     7
Dodge: Dodged            ||    21

Table legend: (Time is in decaauts)
 A = Elapsed time spent in this place.
 B = Non-inter-level travel time spent in this place.
 C = Inter-level travel time spent in this place.
 D = Time resting spent in this place.
 E = Time spent auto-exploring this place.
 F = Levels seen in this place.
 G = Mean time per level.
                   A        B        C        D        E       F      G
               +--------+--------+--------+--------+--------+-----+--------+
         Total |     77 |     77 |      0 |      0 |     30 |   1 |   77.0 |
       Dungeon |     77 |     77 |      0 |      0 |     30 |   1 |   77.0 |
               +--------+--------+--------+--------+--------+-----+--------+

Top non-repeatable levels by time:
     D:1: 77 daAuts
